TOP OF THE 1ST |
Havana Rollers batting - Pitching for Trenton Stars : RHP Jesús Martínez
|
Pitching: RHP Jesús Martínez
|
|
Batting: LHB Rafael Delgado
|
0-0: Called Strike 0-1: Foul Ball, location: 2F 0-2: Strikes out swinging
|
Batting: RHB Francisco Rincón
|
0-0: Called Strike 0-1: Foul Ball, location: 2F 0-2: Foul Ball, location: 2F 0-2: Foul Ball, location: 2F 0-2: Ball 1-2: Strikes out swinging
|
Batting: RHB Paul Bailey
|
0-0: Swinging Strike 0-1: Fly out, F3 (Popup, 3D)
|
Top of the 1st over - 0 run(s), 0 hit(s), 0 error(s), 0 left on base; Havana 0 - Trenton 0 |
BOTTOM OF THE 1ST |
Trenton Stars batting - Pitching for Havana Rollers : RHP Chris Marshall
|
Pitching: RHP Chris Marshall
|
|
Batting: SHB Nick Marshall
|
0-0: Foul Ball, location: 2F 0-1: Ball 1-1: Called Strike 1-2: Strikes out swinging
|
Batting: LHB Ju-wei Shiu
|
0-0: Called Strike 0-1: Called Strike 0-2: Ball 1-2: Strikes out swinging
|
Batting: LHB Lee Burton
|
0-0: DOUBLE (Flyball, 78M)
|
Batting: RHB Rafael Canales
|
0-0: Ball 1-0: Ground out 6-3 (Groundball, 6)
|
Bottom of the 1st over - 0 run(s), 1 hit(s), 0 error(s), 1 left on base; Havana 0 - Trenton 0 |
TOP OF THE 2ND |
Havana Rollers batting - Pitching for Trenton Stars : RHP Jesús Martínez
|
Batting: SHB Pepe Piña
|
0-0: Swinging Strike 0-1: Hit by Pitch
|
Batting: LHB Zhi-huan Loong
|
0-0: Ball 1-0: Ball 2-0: Ball 3-0: Base on Balls Pepe Piña to second
|
Batting: RHB Jesús Villalobos
|
0-0: Foul Ball, location: 2F 0-1: Fielders Choice at 2nd, 4-6 (Groundball, 4) Pepe Piña to third
|
Batting: SHB Yasuhiro Ikarashi
|
0-0: Ball 1-0: Ball 2-0: Foul Ball, location: 2F 2-1: Fly out, F8 (Flyball, 8LM) Runner from 3rd tags up, SCORES, throw made
|
Batting: RHB Chad Case
|
0-0: Called Strike Jesús Villalobos steals 2nd base 0-1: Ball 1-1: Ball 2-1: Called Strike 2-2: Strikes out looking
|
Top of the 2nd over - 1 run(s), 0 hit(s), 0 error(s), 1 left on base; Havana 1 - Trenton 0 |
BOTTOM OF THE 2ND |
Trenton Stars batting - Pitching for Havana Rollers : RHP Chris Marshall
|
Batting: LHB Ricardo Brandariz
|
0-0: Ball 1-0: Foul Ball, location: 2F 1-1: Ball 2-1: Called Strike 2-2: Strikes out swinging
|
Batting: RHB Jonas Uttley
|
0-0: Ball 1-0: Called Strike 1-1: Ball 2-1: Ball 3-1: Base on Balls
|
Batting: LHB Rocky Whitcomb
|
0-0: Called Strike 0-1: Called Strike 0-2: Foul Ball, location: 2F 0-2: Ball 1-2: Foul Ball, location: 2F 1-2: Ball 2-2: Ball 3-2: Strikes out swinging
|
Batting: RHB Kenji Murayama
|
0-0: Ball 1-0: Ball 2-0: Ball 3-0: Called Strike 3-1: Foul Ball, location: 2F 3-2: Strikes out swinging
|
Bottom of the 2nd over - 0 run(s), 0 hit(s), 0 error(s), 1 left on base; Havana 1 - Trenton 0 |
TOP OF THE 3RD |
Havana Rollers batting - Pitching for Trenton Stars : RHP Jesús Martínez
|
Batting: RHB León Rivera
|
0-0: SINGLE (Line Drive, 89M)
|
Batting: LHB Rafael Delgado
|
0-0: Called Strike 0-1: Ball 1-1: Ball 2-1: Foul Ball, location: 2F 2-2: Strikes out swinging
|
Batting: RHB Francisco Rincón
|
0-0: Called Strike 0-1: Ball 1-1: Grounds into double play, 6-4-3 (Groundball, 6)
|
Top of the 3rd over - 0 run(s), 1 hit(s), 0 error(s), 0 left on base; Havana 1 - Trenton 0 |
BOTTOM OF THE 3RD |
Trenton Stars batting - Pitching for Havana Rollers : RHP Chris Marshall
|
Batting: RHB José Barajas
|
0-0: Foul Ball, location: 2F 0-1: SINGLE (Groundball, 4MD)
|
Batting: SHB Nick Marshall
|
0-0: Ball 1-0: Called Strike 1-1: Ball 2-1: Foul Ball, location: 2F 2-2: Foul Ball, location: 2F 2-2: Fly out, F9 (Flyball, 9)
|
Batting: LHB Ju-wei Shiu
|
0-0: Ball 1-0: Swinging Strike 1-1: Foul Ball, location: 2F 1-2: Foul Ball, location: 2F 1-2: Strikes out swinging
|
Batting: LHB Lee Burton
|
0-0: Ball 1-0: Ball 2-0: Called Strike 2-1: Ball 3-1: Swinging Strike 3-2: Strikes out swinging
|
Bottom of the 3rd over - 0 run(s), 1 hit(s), 0 error(s), 1 left on base; Havana 1 - Trenton 0 |
TOP OF THE 4TH |
Havana Rollers batting - Pitching for Trenton Stars : RHP Jesús Martínez
|
Batting: RHB Paul Bailey
|
0-0: Foul Ball, location: 2F 0-1: SOLO HOME RUN (Flyball, 78XD), Distance : 420 ft
|
Batting: SHB Pepe Piña
|
0-0: Ball 1-0: Foul Ball, location: 2F 1-1: Called Strike 1-2: Ball 2-2: Fly out, F8 (Flyball, 89D)
|
Batting: LHB Zhi-huan Loong
|
0-0: Called Strike 0-1: Hit by Pitch
|
Batting: RHB Jesús Villalobos
|
0-0: Ball 1-0: Ball 2-0: Fly out, F7 (Line Drive, 7S)
|
Batting: SHB Yasuhiro Ikarashi
|
0-0: Called Strike 0-1: Ball 1-1: Called Strike 1-2: Foul Ball, location: 2F 1-2: Strikes out swinging
|
Top of the 4th over - 1 run(s), 1 hit(s), 0 error(s), 1 left on base; Havana 2 - Trenton 0 |
BOTTOM OF THE 4TH |
Trenton Stars batting - Pitching for Havana Rollers : RHP Chris Marshall
|
Batting: RHB Rafael Canales
|
0-0: Called Strike 0-1: Foul Ball, location: 2F 0-2: Ground out 5-3 (Groundball, 56)
|
Batting: LHB Ricardo Brandariz
|
0-0: Swinging Strike 0-1: Ball 1-1: Foul Ball, location: 2F 1-2: Ball 2-2: Ball 3-2: Strikes out swinging
|
Batting: RHB Jonas Uttley
|
0-0: Ball 1-0: Ball 2-0: Ball 3-0: Base on Balls
|
Batting: LHB Rocky Whitcomb
|
0-0: Called Strike 0-1: Fly out, F9 (Flyball, 9)
|
Bottom of the 4th over - 0 run(s), 0 hit(s), 0 error(s), 1 left on base; Havana 2 - Trenton 0 |
TOP OF THE 5TH |
Havana Rollers batting - Pitching for Trenton Stars : RHP Jesús Martínez
|
Batting: RHB Chad Case
|
0-0: Ball 1-0: Ground out 4-3 (Groundball, 4S)
|
Batting: RHB León Rivera
|
0-0: Swinging Strike 0-1: Ball 1-1: Ball 2-1: Ball 3-1: Foul Ball, location: 2F 3-2: Foul Ball, location: 2F 3-2: Strikes out swinging
|
Batting: LHB Rafael Delgado
|
0-0: Ball 1-0: Fly out, F8 (Flyball, 8RS)
|
Top of the 5th over - 0 run(s), 0 hit(s), 0 error(s), 0 left on base; Havana 2 - Trenton 0 |
BOTTOM OF THE 5TH |
Trenton Stars batting - Pitching for Havana Rollers : RHP Chris Marshall
|
Batting: RHB Kenji Murayama
|
0-0: Ball 1-0: Reached on error, E5 (Groundball, 56)
|
Batting: RHB José Barajas
|
0-0: Ball 1-0: Ball 2-0: Called Strike 2-1: Foul Ball, location: 2F 2-2: Strikes out swinging
|
Batting: SHB Nick Marshall
|
0-0: Called Strike 0-1: Swinging Strike 0-2: Ball 1-2: Fly out, F6 (Line Drive, 6)
|
Batting: LHB Ju-wei Shiu
|
0-0: Called Strike 0-1: Called Strike 0-2: Ground out 3-1 (Groundball, 34S)
|
Bottom of the 5th over - 0 run(s), 0 hit(s), 1 error(s), 1 left on base; Havana 2 - Trenton 0 |
TOP OF THE 6TH |
Havana Rollers batting - Pitching for Trenton Stars : RHP Jesús Martínez
|
Batting: RHB Francisco Rincón
|
0-0: Called Strike 0-1: Called Strike 0-2: Strikes out swinging
|
Batting: RHB Paul Bailey
|
0-0: Called Strike 0-1: Ball 1-1: SINGLE (Line Drive, 9S)
|
Batting: SHB Pepe Piña
|
0-0: Called Strike
|
|
|
|
0-1: Foul Ball, location: 2F 0-2: Strikes out swinging
|
Pitching: LHP José Alaniz
|
|
Batting: LHB Zhi-huan Loong
|
0-0: Ball 1-0: Called Strike 1-1: Called Strike 1-2: Fly out, F8 (Line Drive, 8LD)
|
Top of the 6th over - 0 run(s), 1 hit(s), 0 error(s), 1 left on base; Havana 2 - Trenton 0 |
BOTTOM OF THE 6TH |
Trenton Stars batting - Pitching for Havana Rollers : RHP Chris Marshall
|
Pitching: RHP Augusto Muñíz
|
|
Batting: LHB Lee Burton
|
0-0: SINGLE (Line Drive, 34)
|
Batting: RHB Rafael Canales
|
0-0: Called Strike 0-1: Called Strike 0-2: Fly out, F7 (Flyball, 78D)
|
Batting: LHB Ricardo Brandariz
|
0-0: Swinging Strike 0-1: Swinging Strike 0-2: Ball 1-2: Strikes out swinging
|
Batting: RHB Jonas Uttley
|
0-0: Ball 1-0: Ball 2-0: Ball 3-0: Base on Balls Lee Burton to second
|
Batting: LHB Rocky Whitcomb
|
0-0: Ball 1-0: Ball 2-0: Called Strike 2-1: Called Strike 2-2: Strikes out looking
|
Bottom of the 6th over - 0 run(s), 1 hit(s), 0 error(s), 2 left on base; Havana 2 - Trenton 0 |
TOP OF THE 7TH |
Havana Rollers batting - Pitching for Trenton Stars : LHP José Alaniz
|
Batting: RHB Jesús Villalobos
|
0-0: Ball 1-0: Swinging Strike 1-1: Called Strike 1-2: Ball 2-2: Ground out 6-3 (Groundball, 6)
|
Batting: SHB Yasuhiro Ikarashi
|
0-0: Fly out, F9 (Flyball, 9S)
|
Batting: RHB Chad Case
|
0-0: Called Strike 0-1: Ball 1-1: Swinging Strike 1-2: Ball 2-2: Foul Ball, location: 2F 2-2: Strikes out swinging
|
Top of the 7th over - 0 run(s), 0 hit(s), 0 error(s), 0 left on base; Havana 2 - Trenton 0 |
BOTTOM OF THE 7TH |
Trenton Stars batting - Pitching for Havana Rollers : RHP Augusto Muñíz
|
Batting: RHB Kenji Murayama
|
0-0: Called Strike 0-1: Ball 1-1: DOUBLE (Line Drive, 78D)
|
Batting: RHB José Barajas
|
0-0: Swinging Strike 0-1: Swinging Strike 0-2: Ball Wild Pitch! Kenji Murayama to third 1-2: Foul Ball, location: 2F 1-2: Ground out 5-3 (Groundball, 56) Kenji Murayama scores
|
Batting: SHB Nick Marshall
|
0-0: Fly out, F4 (Line Drive, 4)
|
Batting: LHB Ju-wei Shiu
|
0-0: Ball 1-0: Ball 2-0: Called Strike 2-1: Foul Ball, location: 2F 2-2: Strikes out swinging
|
Bottom of the 7th over - 1 run(s), 1 hit(s), 0 error(s), 0 left on base; Havana 2 - Trenton 1 |
TOP OF THE 8TH |
Havana Rollers batting - Pitching for Trenton Stars : LHP José Alaniz
|
Batting: RHB León Rivera
|
0-0: Called Strike 0-1: Fly out, F8 (Flyball, 78M)
|
Batting: LHB Rafael Delgado
|
0-0: Ball 1-0: Foul Ball, location: 2F 1-1: Called Strike 1-2: Ball 2-2: Ground out U3 (Groundball, 34)
|
Batting: RHB Francisco Rincón
|
0-0: Foul Ball, location: 2F 0-1: Ball 1-1: Called Strike 1-2: Ball 2-2: Foul Ball, location: 2F 2-2: Ball 3-2: Base on Balls
|
Pinch Runner at 1st Jimmy Husted:
|
|
Batting: RHB Paul Bailey
|
0-0: TRIPLE (Line Drive, 8LM) Jimmy Husted scores
|
Batting: SHB Pepe Piña
|
0-0: Ball 1-0: Ball 2-0: Foul Ball, location: 2F 2-1: Ball 3-1: Base on Balls
|
Pinch Hitting: RHB Soshu Nakamura
|
0-0: Swinging Strike 0-1: Ball 1-1: Ball 2-1: Ball 3-1: Base on Balls Pepe Piña to second
|
Batting: RHB Jesús Villalobos
|
0-0: Ball 1-0: SINGLE (Line Drive, 7S) Paul Bailey scores Pepe Piña to third Soshu Nakamura to second
|
Pitching: RHP Bartolo Rodríguez
|
|
Batting: SHB Yasuhiro Ikarashi
|
0-0: Called Strike 0-1: Foul Ball, location: 2F 0-2: Ball 1-2: Ball 2-2: Strikes out swinging
|
Top of the 8th over - 2 run(s), 2 hit(s), 0 error(s), 3 left on base; Havana 4 - Trenton 1 |
BOTTOM OF THE 8TH |
Trenton Stars batting - Pitching for Havana Rollers : RHP Augusto Muñíz
|
Now at 1B: Luis Aguilar
|
|
Now at 2B: Soshu Nakamura
|
|
Batting: LHB Lee Burton
|
0-0: Ball 1-0: Fly out, F4 (Line Drive, 4)
|
Pitching: RHP Brad Sharpe
|
|
Batting: RHB Rafael Canales
|
0-0: Ground out 6-3 (Groundball, 6)
|
Batting: LHB Ricardo Brandariz
|
0-0: Called Strike 0-1: Foul Ball, location: 2F 0-2: Ball 1-2: Foul Ball, location: 2F 1-2: Fly out, F8 (Flyball, 8LXD)
|
Bottom of the 8th over - 0 run(s), 0 hit(s), 0 error(s), 0 left on base; Havana 4 - Trenton 1 |
TOP OF THE 9TH |
Havana Rollers batting - Pitching for Trenton Stars : RHP Bartolo Rodríguez
|
Batting: RHB Chad Case
|
0-0: Ball 1-0: Called Strike 1-1: Ball 2-1: Foul Ball, location: 2F 2-2: Ball 3-2: Strikes out swinging
|
Batting: RHB León Rivera
|
0-0: SINGLE (Groundball, 4MD)
|
|
|
Tuesday, August 8th, 2017 - OOTP Baseball 17.12 Build 75
|
|